 Dungeon Crawl Stone Soup version 0.30.1-3-gfc49f6343a (webtiles) character file.

Game seed: 10951244736775748585

21 boopmooplesden the Twirler (level 2, -2/25 HPs)
             Began as a Draconian Gladiator on Aug 2, 2023.
             Succumbed to Robin's poison
             ... on level 2 of the Dungeon.
             The game lasted 00:01:02 (618 turns).

boopmooplesden the Twirler (Draconian Gladiator)     Turns: 618, Time: 00:01:02

Health: -2/25      AC:  4    Str: 16    XL:     2   Next: 65%
Magic:  2/2        EV: 12    Int:  8    God:
Gold:   47         SH:  0    Dex: 12    Spells: 1/1 levels left

rFire   + . .        a - +0 quarterstaff
rCold   . . .        (shield currently unavailable)
rNeg    . . .        (body armour unavailable)
rPois   .            b - +0 hat
rElec   .            (no cloak)
rCorr   .            (no gloves)
SInv    .            (no boots)
Will    .....        (no amulet)
Stlth   +            (no ring)
HPRegen 0.24/turn    (no ring)
MPRegen 0.08/turn

%: no passive effects
@: lethally poisoned (-2 -> -12)
A: AC +4, unfitting armour, cold-blooded, stinger 1, fire resistance 1
a: no special abilities


You were on level 2 of the Dungeon.
You visited 1 branch of the dungeon, and saw 2 of its levels.

You collected 47 gold pieces.

Inventory:

Hand Weapons
 a - a +0 quarterstaff (weapon)
Missiles
 c - 5 throwing nets (quivered)
 d - a javelin
Armour
 b - a +0 hat (worn)
Jewellery
 f - a ring of fire


   Skills:
 + Level 2.4 Fighting
 + Level 3.5 Staves
 + Level 1.9 Throwing
 + Level 3.0 Dodging


You had one spell level left.
You didn't know any spells.
Your spell library was empty.

Dungeon Overview and Level Annotations

Branches:
Dungeon (2/15)

Altars:

Annotations:
D:2 Robin


Innate Abilities, Weirdness & Mutations

Your plain brown scales are hard. (AC +4)
You cannot fit into any form of body armour.
You are cold-blooded and may be slowed by cold attacks.
Your tail ends in a venomous barb.
Your flesh is heat resistant. (rF+)


Message History

The goblin barely misses you. The goblin hits you with a +0 club.
You closely miss the goblin.
The goblin is moderately wounded.
The goblin closely misses you.
A goblin comes into view. It is wielding a +0 dagger.
The goblin closely misses you.
You hit the goblin.
You kill the goblin!
The goblin hits you with a +0 club.
You barely miss the goblin. The goblin closely misses you.
Robin says, "Kneel, worm!"
A hobgoblin comes into view.
The goblin barely misses you. The goblin hits you but does no damage.
A goblin comes into view. It is wielding a +0 dagger.
The goblin closely misses you.
You closely miss the goblin. The goblin barely misses you.
The goblin hits you with a +0 dagger. Robin misses you.
You hit the goblin but do no damage. The goblin hits you with a +0 club.
* * * LOW HITPOINT WARNING * * *
Robin hits you from afar with a +2 spear of venom.
* * * LOW HITPOINT WARNING * * *
You are lethally poisoned!
The goblin barely misses you.
You aren't carrying any scrolls.
Unknown command.
You aren't carrying any potions.
You hit the goblin. You tail-slap the goblin.
You kill the goblin!
* * * LOW HITPOINT WARNING * * *
You feel sick.
Robin hits you from afar with a +2 spear of venom.
* * * LOW HITPOINT WARNING * * *
You are more poisoned.
The goblin hits you but does no damage.
You closely miss the goblin.
* * * LOW HITPOINT WARNING * * *
You feel very sick. The goblin barely misses you.
Robin throws the goblin at you!
You closely miss the goblin.
Your tail-slap misses the goblin.
You die...

## #. #.#############
...##.#.....g@ggg.ggg
#..##.#..###########.
#..##.#..#
#..##.#..########
#..##.#.........#
#..##.##.######.#
#..##....####...
#.<.............
#.#####.....(.#.


You could see Robin, a hobgoblin (strong) and 5 goblins.

Vanquished Creatures
  A ball python (D:1)
  A giant cockroach (D:1)
  5 goblins
  A hobgoblin (D:2)
  2 jackals (D:1)
  A quokka (D:1)
  4 bats (D:1)
  2 kobolds (D:1)
  2 rats (D:1)
19 creatures vanquished.

Notes
Turn   | Place    | Note
-------+----------+-------------------------------------------
     0 | D:1      | boopmooplesden the Draconian Gladiator began the quest for
                  | the Orb.
     0 | D:1      | Reached XP level 1. HP: 17/17 MP: 1/1
   137 | D:1      | Reached XP level 2. HP: 25/25 MP: 2/2
   541 | D:1      | Gained mutation: You are weak. (Str -2) [potion of
                  | mutation]
   542 | D:1      | Lost mutation: You are weak. (Str -2) [potion of mutation]
   542 | D:1      | Gained mutation: Your flesh is heat resistant. (rF+)
                  | [potion of mutation]
   542 | D:1      | Gained mutation: Your tail ends in a venomous barb. [potion
                  | of mutation]
   605 | D:2      | Noticed Robin
   617 | D:2      | HP: 1/25 [poisoned by Robin]
   618 | D:2      | Succumbed to Robin's poison

Illustrated notes

Levels and vault maps discovered:
D:1:      tekkud_arrival_beachfront_property, layout_loops_ring, feat_on_display
D:2:      layout_basic, uniq_robin, uniq_natasha

Skill      XL: |  1  2 |
---------------+-------+-----
Dodging        | 3 |  3.0
Fighting       | |  2.4
Staves         | |  3.5
Throwing       | |  1.9

Action                     || total
---------------------------++-------
  Melee: Quarterstaff      ||    45
         Tailslap          ||     2
    Use: Scroll            ||     3
         Potion            ||     2
   Stab: Sleeping          ||     1
 Armour: Skin              ||    16
  Dodge: Dodged            ||    44
